 Dungeon Crawl Stone Soup version 0.27.1-16-g815e20cd7a (webtiles) character file.

Game seed: 10945140279220269890

413 spaced the Caller (level 6, -7/25 HPs)
             Began as a Felid Summoner on Nov 23, 2021.
             Was an Initiate of Fedhas.
             Shot with an arrow by a centaur (14 damage)
             ... on level 5 of the Dungeon.
             The game lasted 00:47:08 (5909 turns).

spaced the Caller (Felid Summoner)                  Turns: 5909, Time: 00:47:09

Health: -7/25      AC:  2    Str:  4    XL:     6   Next: 59%
Magic:  4/13       EV: 18    Int: 18    God:    Fedhas [......]
Gold:   184        SH:  0    Dex: 17    Spells: 4/13 levels left
                                        Lives:  0   Deaths: 1

rFire    . . .     SeeInvis +     - Unarmed
rCold    . . .     Faith    .   (shield unavailable)
rNeg     . . .     Spirit   .   (armour unavailable)
rPois    .         Reflect  .   (helmet unavailable)
rElec    .         Harm     .   (cloak unavailable)
rCorr    .         Rampage  .   (gloves unavailable)
Will     .....                  (boots unavailable)
Stlth    +++.......             (no amulet)
HPRegen  0.08/turn              (no ring)
MPRegen  0.13/turn              (no ring)

@: very slightly contaminated, quick
A: very small, claws 1, fangs 3, see invisible, speed 1, shaggy fur 2, stealthy
paws, no weapons or thrown items, no armour, multi-lived
a: Renounce Religion


You were on level 5 of the Dungeon.
You worshipped Fedhas.
Fedhas was noncommittal.
You visited 1 branch of the dungeon, and saw 5 of its levels.

You collected 184 gold pieces.

Inventory:

Wands
 k - a wand of polymorph (4)
Scrolls
 a - a scroll of holy word {unknown}
 c - a scroll of vulnerability {unknown}
 e - a scroll of fog {unknown}
 f - 3 scrolls of immolation {unknown}
 g - a scroll of amnesia {unknown}
 h - a scroll of torment {unknown}
 i - a scroll of noise {unknown}
 j - 2 scrolls of enchant weapon {unknown}
Potions
 b - a potion of mutation
 d - 2 potions of flight {unknown}
 m - a potion of might {unknown}
 n - a potion of curing


   Skills:
 + Level 0.4 Fighting
 + Level 3.1 Dodging
 + Level 3.3 Stealth
 + Level 2.2 Unarmed Combat
 + Level 4.4 Spellcasting
 + Level 0.1 Hexes
 + Level 6.1 Summonings


You had 4 spell levels left.
You knew the following spells:

 Your Spells              Type           Power      Damage    Failure   Level
a - Summon Small Mammal   Summ           100%       N/A       1%          1
b - Call Imp              Summ           26%        N/A       1%          2
c - Call Canine Familiar  Summ           26%        N/A       3%          3
d - Summon Guardian Gole  Hex/Summ       15%        N/A       12%         3

Your spell library contained the following spells:

 Spells                   Type           Power      Damage    Failure   Level
 Summon Lightning Spire   Summ/Air       15%        N/A       36%         4
 Blade Hands              Tmut           2%         N/A       98%         5
 Portal Projectile        Hex/Tloc       Unusable   N/A       N/A         3
 Excruciating Wounds      Necr           Unusable   N/A       N/A         5

Dungeon Overview and Level Annotations

Branches:
Dungeon (5/15)
 Temple: D:4-7

Altars:
Fedhas
Makhleb
Uskayaw


Innate Abilities, Weirdness & Mutations

You have sharp claws.
You have razor-sharp teeth.
You have supernaturally acute eyesight. (SInv)
You cover ground quickly. (Speed+)
You are covered in thick fur. (AC +2)
Your paws help you pounce on unaware monsters.
You are incapable of wielding weapons or throwing items.
You cannot wear armour.
You gain extra lives every three experience levels.


Message History

You flicker for a moment.
What are your orders? t - Meow!
Orders for allies: a - Attack new target. p - Attack previous target. r - Retreat! s - Stop attacking. g - Guard the area. f - Follow me.
Anything else - Cancel.
Gang up on whom?
Press: ? - help, Dir - move target, f/p - centaur
Aim: a centaur, wielding a +0 shortbow and quivering arrows (moderately wounded) Attack!
The centaur shoots an arrow.
The arrow hits your crimson imp.
Casting: Call Imp (safe; 1% risk of failure)
Confirm with . or Enter, or press ? or * to list all spells.
The spell is quite dangerous to cast (3% risk of failure)!
Continue anyway?
The centaur shoots an arrow.
The arrow hits your crimson imp!
The centaur shoots an arrow.
The arrow closely misses you. What are your orders? t - Meow!
Orders for allies: a - Attack new target. p - Attack previous target. r - Retreat! s - Stop attacking. g - Guard the area. f - Follow me.
Anything else - Cancel.
Gang up on whom?
Press: ? - help, Dir - move target, f/p - centaur
Aim: a centaur, wielding a +0 shortbow and quivering arrows (moderately wounded, ally target) Attack!
The centaur shoots an arrow.
The arrow hits you.
* * * LOW HITPOINT WARNING * * *
You swap places.
You flicker back into view.
Found a stone staircase leading up.
Something hits your crimson imp. Something misses your crimson imp.
The centaur wields a +0 shortbow.
The centaur shoots an arrow.
The arrow barely misses your crimson imp.
The arrow closely misses your hound. The arrow misses you.
The centaur shoots an arrow.
The arrow barely misses your crimson imp.
The arrow hits you!
Ouch! That really hurt!
You die...
Fedhas appreciates your contribution to the ecosystem.

.......## ...<...# ...#
##......##
#..###........##
#...##.........##
#...#..........>##
#...#............##
#.........@.......#
#..................
#..........h.......
##....######........
##......## #5.......
#####........####c.......
..#...........#..........
.........................
##.............c....####.


You could see a centaur (ally target), a friendly hound (summoned) and a
friendly crimson imp (summoned).

Vanquished Creatures
  A necrophage (D:4)
  Ijyb (D:3)
  3 bats
  2 endoplasms
  6 giant cockroaches
  A goblin (D:4)
  A hobgoblin (D:2)
  3 quokkas
  6 ball pythons
  A frilled lizard (D:3)
  A kobold (D:3)
  4 rats
30 creatures vanquished.

Vanquished Creatures (collateral kills)
  A necrophage (D:5)
  2 ogres (D:4)
  A bullfrog (D:5)
  A howler monkey (D:4)
  A centaur skeleton (D:5)
  2 iguanas
  A scorpion zombie (D:5)
  13 adders
  An adder skeleton (D:4)
  A worm (D:4)
  4 dart slugs
  7 orcs
  3 ball pythons
  7 endoplasms
  2 goblins
  4 hobgoblins
  2 bats (D:3)
  5 frilled lizards
  A jackal skeleton (D:4)
  10 kobolds
  2 rats
71 creatures vanquished.

Vanquished Creatures (others)
  A bullfrog zombie (D:5)
1 creature vanquished.

Grand Total: 102 creatures vanquished

Notes
Turn   | Place    | Note
-------+----------+-------------------------------------------
     0 | D:1      | spaced the Felid Summoner began the quest for the Orb.
     0 | D:1      | Reached XP level 1. HP: 7/7 MP: 4/4
   427 | D:1      | Reached XP level 2. HP: 4/11 MP: 3/6
   664 | D:1      | Learned a level 2 spell: Call Imp
   789 | D:1      | Found a faded altar of an unknown god.
  1713 | D:2      | Reached XP level 3. HP: 14/14 MP: 3/7
  1929 | D:2      | Reached skill level 1 in Unarmed Combat
  2945 | D:3      | Found a hide-covered altar of Uskayaw.
  2973 | D:3      | Reached XP level 4. HP: 14/18 MP: 1/9
  3034 | D:3      | Became a worshipper of Uskayaw the Reveller
  3544 | D:3      | Found a burning altar of Makhleb.
  3681 | D:3      | Reached * piety under Uskayaw
  3900 | D:3      | Noticed Ijyb
  3926 | D:3      | Reached ** piety under Uskayaw
  3928 | D:3      | Killed Ijyb
  4294 | D:3      | Learned a level 3 spell: Call Canine Familiar
  4528 | D:4      | Reached skill level 5 in Summonings
  4528 | D:4      | Reached XP level 5. HP: 4/21 MP: 6/11
  4533 | D:4      | Shot with a stone by a goblin
  4533 | D:4      | Noticed an ogre
  4534 | D:4      | Reached XP level 4. HP: -1/18 MP: 5/10
  4562 | D:4      | Killed an ogre
  4576 | D:4      | Noticed an ogre
  4585 | D:4      | Killed an ogre
  4586 | D:4      | Reached XP level 5. HP: 21/21 MP: 0/11
  4695 | D:5      | Entered Level 5 of the Dungeon
  4790 | D:4      | Noticed a necrophage
  4854 | D:4      | Killed a necrophage
  4887 | D:4      | Gained mutation: You are covered in thick fur. (AC +2)
                  | [Felid growth]
  4887 | D:4      | Reached XP level 6. HP: 9/25 MP: 7/13
  5390 | D:4      | Learned a level 3 spell: Summon Guardian Golem
  5765 | D:5      | Found a blossoming altar of Fedhas.
  5771 | D:5      | Fell from the grace of Uskayaw
  5771 | D:5      | Became a worshipper of Fedhas Madash
  5793 | D:5      | Reached skill level 6 in Summonings
  5909 | D:5      | Shot with an arrow by a centaur

Illustrated notes

Levels and vault maps discovered:
D:1:      minmay_arrival_semitransparent, layout_loops_corners,
          hellmonk_ecumenical_altar_lost_god, chequers_arboretum
D:2:      layout_basic
D:3:      layout_loops_ring, lemuel_doored_altar,
          eat_drink_and_be_merry_uskayaw, minmay_guardbox, uniq_ijyb
D:4:      layout_basic, minmay_vboxes
D:5:      layout_layer_cave, chequers_temple_overflow_statue_of_worship,
          kennysheep_mini_moat, gammafunk_temple_overflow_pools,
          minmay_temple_entry_statues_pillars, gammafunk_ghost_arena,
          hangedman_abyss_or_decor_stabs

Skill      XL: |  1  2  3  4  5  6 |
---------------+-------------------+-----
Unarmed Combat | 1 2 |  2.2
Spellcasting   | 3 4 |  4.4
Summonings     | 5 6 |  6.1
Stealth        | 3 |  3.3
Dodging        | 3 |  3.1
Fighting       | |  0.4
Hexes          | |  0.1

Action                   |  1- 3 |  4- 6 || total
-------------------------+-------+-------++-------
Melee: Unarmed           |    80 |    73 ||   153
       Bite              |     4 |     2 ||     6
       Punch             |     1 |     1 ||     2
 Cast: Summon Small Mamm |    58 |    86 ||   144
       Call Imp          |    12 |    22 ||    34
       Call Canine Famil |       |     5 ||     5
       Summon Guardian G |       |     1 ||     1
  Use: Scroll            |     2 |     1 ||     3
       Potion            |     1 |     3 ||     4
 Stab: Sleeping          |     2 |     5 ||     7
       Distracted        |     1 |     1 ||     2
       Confused          |       |     3 ||     3
Armor: Skin              |     9 |    10 ||    19
Dodge: Dodged            |    97 |    83 ||   180
